 Dungeon Crawl Stone Soup version 0.31-a0-216-g22e908daa7 (webtiles) character file.

Game seed: 3990471266539679058

7 qw the Shooter (level 2, -3/16 HPs)
             Began as a Gargoyle Hexslinger on July 2, 2023.
             Slain by a gnoll
             ... wielding a +4 flail
              (12 damage)
             ... on level 1 of the Dungeon.
             The game lasted 00:00:04 (214 turns).

qw the Shooter (Gargoyle Hexslinger)                 Turns: 214, Time: 00:00:05

Health: -3/16      AC:  4    Str: 11    XL:     2   Next: 4%
Magic:  3/3        EV: 12    Int: 13    God:
Gold:   20         SH:  0    Dex: 12    Spells: 2/3 levels left

rFire   . . .        a - +1 sling
rCold   . . .        (no shield)
rNeg    + . .        c - +0 robe
rPois   inf          (no helmet)
rElec   +            (no cloak)
rCorr   .            (no gloves)
SInv    .            (no boots)
Will    .....        (no amulet)
Stlth   +            (no ring)
HPRegen 0.22/turn    (no ring)
MPRegen 0.08/turn

%: no passive effects
@: no status effects
A: sickness immunity, AC +2, negative energy resistance 1, electricity
resistance, torment resistance 1, petrification resistance
a: no special abilities


You were on level 1 of the Dungeon.
You visited 1 branch of the dungeon, and saw 1 of its levels.

You collected 20 gold pieces.


Innate Abilities, Weirdness & Mutations

You are immune to sickness and miasma.
Your stone body is resilient. (AC +2)
You are immune to poison.
You resist negative energy. (rN+)
You are resistant to electric shocks. (rElec)
You are resistant to unholy torment.
You are immune to petrification.


   Skills:
 - Level 1.1 Fighting
 + Level 2.7 Ranged Weapons
 - Level 1.5 Dodging
 - Level 1.0 Spellcasting
 - Level 2.6 Hexes


You had 2 spell levels left.
You knew the following spells:

 Your Spells              Type           Power      Damage    Failure   Level
a - Slow                  Hex            28%        N/A       10%         1

Your spell library contained the following spells:

 Spells                   Type           Power      Damage    Failure   Level
 Inner Flame              Hex/Fire       4%         N/A       43%         3
 Portal Projectile        Hex/Tloc       8%         N/A       43%         3
 Cause Fear               Hex            3%         N/A       67%         4

Inventory:

Hand Weapons
 a - a +1 sling (weapon)
Armour
 c - a +0 robe (worn)
Scrolls
 b - a scroll of poison
 d - a scroll of fog {unknown}

Dungeon Overview and Level Annotations

Branches:
Dungeon (1/15)

Altars:

Shops:
D:1 *


Message History

You now have 20 gold pieces (gained 10).
Found 5 stones.
Enter note:
Enter note: A gnoll comes into view. It is wielding a +4 flail.
Enter note:
Enter note: You shoot a sling bullet.
The sling bullet hits the gnoll.
The gnoll shouts!
The gnoll is moderately wounded.
You hear a shout!
A hobgoblin comes into view.
A kobold comes into view. It is wielding a +0 whip.
You shoot a sling bullet. The kobold shouts!
The sling bullet hits the gnoll but does no damage.
The gnoll is moderately wounded.
The gnoll hits you with a +4 flail!
Ouch! That really hurt!
The kobold throws a stone.
The stone completely misses you.
You shoot a sling bullet.
The sling bullet closely misses the gnoll.
The gnoll barely misses you.
You shoot a sling bullet.
The sling bullet hits the gnoll but does no damage.
The gnoll is moderately wounded.
The gnoll misses you.
You shoot a sling bullet.
The sling bullet closely misses the gnoll.
The gnoll barely misses you. The kobold closely misses you. x2
The gnoll closely misses you.
You shoot a sling bullet.
The sling bullet closely misses the gnoll.
The hobgoblin closely misses you. The kobold barely misses you.
The gnoll completely misses you.
You shoot a sling bullet.
The sling bullet barely misses the gnoll.
The gnoll hits you with a +4 flail!
Ouch! That really hurt!
You die...

.#.....#.# ..#
.......##.# .#....## #
#.. ####.#.#.##.#
....[.#
#..###...........#
#######
##.............####
#....######.#####
#.#.#.#.#.#.#.#.##
................#
.#.#.#g#.#.#.#.#.#.##
......K@............##
.#.#.#g#.#.#.#.#.#.#.#
..####.#####..####
.... #.........# #....
##.##.###.# #....
#.##.###.# ..##
#........# .#
#.##.##### #.##.#


You could see a gnoll, a hobgoblin and a kobold.

Vanquished Creatures
  A goblin (D:1)
  3 jackals (D:1)
  3 rats (D:1)
7 creatures vanquished.

Notes
Turn   | Place    | Note
-------+----------+-------------------------------------------
     0 | D:1      | qw the Gargoyle Hexslinger began the quest for the Orb.
     0 | D:1      | Reached XP level 1. HP: 12/12 MP: 2/2
     0 | D:1      | 0 ||| qw: Version: 0.3-a-35-g05ef00e
     0 | D:1      | 0 ||| qw: Game counter: 7845
     0 | D:1      | 0 ||| qw: Melee chars always use a shield: true
     0 | D:1      | 0 ||| qw: God list: Okawaru
     0 | D:1      | 0 ||| qw: Allow faded altars: false
     0 | D:1      | 0 ||| qw: Do Orc after clearing Dungeon:15 true
     0 | D:1      | 0 ||| qw: Do second Lair branch before Depths: true
     0 | D:1      | 0 ||| qw: Lair rune preference: random
     0 | D:1      | 0 ||| qw: Goals: Normal
     0 | D:1      | 0 ||| PLANNING D:1-11
    77 | D:1      | Reached XP level 2. HP: 16/16 MP: 3/3
   149 | D:1      | Found Iluleoni's General Store.
   157 | D:1      | 157 ||| SHOPLISTING potion of curing (33 gold, have 10).
   157 | D:1      | 157 ||| SHOPLISTING potion of heal wounds (55 gold, have
                  | 10).
   157 | D:1      | 157 ||| SHOPLISTING scroll of teleportation (33 gold, have
                  | 10).
   214 | D:1      | Slain by a gnoll

Levels and vault maps discovered:
D:1:      minmay_arrival_solitary_statue, layout_basic, serial_shops,
          nicolae_shop_tiny_statue_garden, st_stairs_13, corexii_corridor_pit,
          serial_bayou_pond_c

Action                     || total
---------------------------++-------
   Fire: Sling             ||    21
  Dodge: Dodged            ||    13

Table legend:
 A = Non-vault XP
 B = Vault XP
 C = Vault XP percentage of total XP
 D = Non-vault monster count
 E = Vault monster count
 F = Vault count percentage of total count
                 A         B        C        D         E       F
            +---------+---------+-------+---------+---------+-------
      Total |      11 |       0 |   0.0 |       7 |       0 |   0.0
            +---------+---------+-------+---------+---------+-------
        D:1 |      11 |       0 |   0.0 |       7 |       0 |   0.0
            +---------+---------+-------+---------+---------+-------
